 Dungeon Crawl Stone Soup version 0.30-a0-123-g91d0c66ccf (webtiles) character file.

Game seed: 14596471682207659300

10 dmks the Conjurer (level 2, 15/15 HPs)
             Began as a Deep Elf Conjurer on Sept 17, 2022.
             Was an Initiate of Uskayaw.
             Quit the game on level 1 of the Dungeon on Sept 18, 2022.
             The game lasted 00:04:38 (625 turns).

dmks the Conjurer (Deep Elf Conjurer)                Turns: 625, Time: 00:04:39

Health: 15/15      AC:  2    Str:  4    XL:     2   Next: 10%
Magic:  8/8        EV: 12    Int: 22    God:    Uskayaw [......]
Gold:   47         SH:  0    Dex: 13    Spells: 6/7 levels left

rFire   . . .      SeeInvis .    (no weapon)
rCold   . . .      Faith    .    (no shield)
rNeg    . . .      Spirit   .    a - +0 robe
rPois   .          Reflect  .    (no helmet)
rElec   .          Harm     .    (no cloak)
rCorr   .          Rampage  .    (no gloves)
Will    .....                    (no boots)
Stlth   ++........               (no amulet)
HPRegen 0.05/turn                (no ring)
MPRegen 0.11/turn                (no ring)

@: no status effects
A: no striking features
a: Renounce Religion


You were on level 1 of the Dungeon.
You worshipped Uskayaw.
Uskayaw was noncommittal.
You visited 1 branch of the dungeon, and saw 1 of its levels.

You collected 47 gold pieces.

Inventory:

Armour
 a - a +0 robe (worn)
 e - a +0 ring mail
   (You found it on level 1 of the Dungeon)
 g - a +0 leather armour
   (You found it on level 1 of the Dungeon)
Scrolls
 c - a scroll of butterflies {unknown}
 d - a scroll of identify {unknown}
 f - a scroll of vulnerability {unknown}
Potions
 b - a potion of magic
 h - a potion of degeneration {unknown}


   Skills:
 + Level 2.6 Dodging
 + Level 2.7 Stealth
 + Level 3.2 Spellcasting
 * Level 4.6 Conjurations


You had 6 spell levels left.
You knew the following spells:

 Your Spells              Type           Power      Damage    Failure   Level
a - Magic Dart            Conj           92%        1d7       1%          1

Your spell library contained the following spells:

 Spells                   Type           Power      Damage    Failure   Level
 Searing Ray              Conj           46%        2d6       2%          2
 Dazzling Flash           Conj/Hex       26%        N/A       14%         3
 Fulminant Prism          Conj/Hex       6%         3d7       43%         4
 Iskenderun's Mystic Bla  Conj/Tloc      13%        2d5       43%         4


Dungeon Overview and Level Annotations

Branches:
Dungeon (1/15)

Altars:
Uskayaw


Message History

Enter note: Autopickup is now off.
Okay, then.
Okay, then.
Okay, then.
You stomp with the beat, sending a shockwave through the revellers around you!
You can no longer stomp with the beat.
Okay, then.
There is an empty arch of ancient stone here.
A giant cockroach is nearby!
Unknown command.
Found a puce potion.
Okay, then.
A giant cockroach is nearby!
Unknown command.
Unknown command.
Okay, then.
Okay, then.
Okay, then.
Enter note: quit
Okay, then.
You don't know that spell.
Unknown command.
Unknown command.
Unknown command.
Unknown command.
Unknown command.
Okay, then.
Annotate which branch? (. - D:1, ? - help, ! - show branch list)
Okay, then.
Okay, then.
Okay, then.
Okay, then.
Unknown command.
Unknown command.
Unknown command.
Unknown command.
Unknown command.
Okay, then.
Unknown command.
Okay, then.
Unknown command.
Okay, then.
Options error: Bad allow_self_target value: never (should be false, prompt or true) (~/.crawlrc:325) Bad channel name for runrest: 'pray:' Options error: Bad channel -- pray (~/.crawlrc:4529) Options error: Bad channel -- food (~/.crawlrc:4532) Options error: Bad channel -- rotten_meat (~/.crawlrc:4549) Welcome back, dmks the Deep Elf Conjurer.
Uskayaw says: Surrender yourself to the rhythm!

#.......# #
#.......# #
........# #
........# #
........##### #
.B..........+ .. #
.####+#.##### .. #
#.#.# .## # #.#@####
..# #### #..###.#
#)# #..' #.#...##
#.# #.## ##..8.⌠#
#.####.##
#.8..######......##
##...#_#⌠#.#.#######
#.#⌠#∩#...##.# #
######..8.#..# #
#⌠.8..#.## #


There were no monsters in sight!

Vanquished Creatures
  A ball python (D:1)
  A bat (D:1)
  An endoplasm (D:1)
  2 goblins (D:1)
  A hobgoblin (D:1)
  A kobold (D:1)
  A rat (D:1)
8 creatures vanquished.

Notes
Turn   | Place    | Note
-------+----------+-------------------------------------------
     0 | D:1      | dmks the Deep Elf Conjurer began the quest for the Orb.
     0 | D:1      | Reached XP level 1. HP: 10/10 MP: 6/6
   371 | D:1      | Reached XP level 2. HP: 15/15 MP: 6/8
   540 | D:1      | Found a faded altar of an unknown god.
   570 | D:1      | Prayed at the altar of an unknown god.
   570 | D:1      | Became a worshipper of Uskayaw the Reveller
   570 | D:1      | Reached * piety under Uskayaw
   622 | D:1      | quit
   625 | D:1      | Quit the game

Illustrated notes

!######.. ........#
# #.......# #
#.......# #
........# #
........# #
........##### #
.B.....@....+ .. #
.####+#.##### .. #
#.#.# .## # #.#.####
..# #### #..###.#
#)# #..' #.#...##
#.# #.## ##..8.⌠#
#.####.##
#.8..######......##
##...#_#⌠#.#.#######


Turn 622 on D:1: quit

Levels and vault maps discovered:
D:1:      dpeg_arrival_simpleton_c, layout_basic,
          shapermc_ecumenical_altar_venn, chequers_mini_garden

Action                   || total
-------------------------++-------
Melee: Unarmed           ||     3
 Cast: Magic Dart        ||    13
Invok: Stomp             ||     1
Dodge: Dodged            ||     5

Table legend: (Time is in decaauts)
 A = Elapsed time spent in this place.
 B = Non-inter-level travel time spent in this place.
 C = Inter-level travel time spent in this place.
 D = Time resting spent in this place.
 E = Time spent auto-exploring this place.
 F = Levels seen in this place.
 G = Mean time per level.
                   A        B        C        D        E       F      G
               +--------+--------+--------+--------+--------+-----+--------+
         Total |    625 |    625 |      0 |    179 |    382 |   1 |  625.0 |
       Dungeon |    625 |    625 |      0 |    179 |    382 |   1 |  625.0 |
               +--------+--------+--------+--------+--------+-----+--------+

Top non-repeatable levels by time:
     D:1: 625 daAuts
